 Dungeon Crawl Stone Soup version 0.28.0-43-g3370ac3207 (webtiles) character file.

Game seed: 12952462835637850873

1689 theElss the Skirmisher (level 9, -6/56 HPs)
             Began as a Gargoyle Berserker on Mar 23, 2022.
             Was a Believer of Trog.
             Killed from afar by an acid dragon (30 damage)
             ... with a splash of acid
             ... on level 5 of the Dungeon.
             The game lasted 00:10:39 (7125 turns).

theElss the Skirmisher (Gargoyle Berserker)         Turns: 7125, Time: 00:10:39

Health: -6/56      AC: 15    Str: 24    XL:     9   Next: 2%
Magic:  9/9        EV: 12    Int:  7    God:    Trog [**....]
Gold:   192        SH:  5    Dex: 11    Spells: 8/8 levels left

rFire   . . .      SeeInvis .   y - +1 whip (venom)
rCold   + . .      Faith    .   n - +0 buckler
rNeg    + . .      Spirit   .   k - +0 leather armour
rPois   ∞          Reflect  .   (no helmet)
rElec   +          Harm     .   A - +0 cloak
rCorr   .          Rampage  .   (no gloves)
Will    .....                   (no boots)
Stlth   +.........              q - amulet of magic regeneration
HPRegen 0.18/turn               x - +4 ring of protection
MPRegen 0.51/turn               (no ring)

@: no status effects
A: sickness immunity, AC +6, negative energy resistance 1, electricity
resistance, torment resistance 1, petrification resistance, cold resistance 1
a: Renounce Religion, Berserk, Trog's Hand


You were on level 5 of the Dungeon.
You worshipped Trog.
Trog was pleased with you.
You visited 1 branch of the dungeon, and saw 6 of its levels.

You collected 192 gold pieces.

Inventory:

Hand Weapons
 y - a +1 whip of venom (weapon)
Missiles
 b - a throwing net (quivered)
Armour
 k - a +0 leather armour (worn)
 n - a +0 buckler (worn)
 A - a +0 cloak (worn)
Jewellery
 q - an amulet of magic regeneration (around neck)
 u - a ring of ice
 w - a ring of ice
 x - a +4 ring of protection (left hand)
Wands
 e - a wand of mindburst (9)
 r - a wand of flame (11)
Scrolls
 a - a scroll of noise {unknown}
 f - 2 scrolls of immolation {unknown}
 i - 2 scrolls of magic mapping {unknown}
 j - 3 scrolls of fog {unknown}
 l - a scroll of enchant weapon {unknown}
 p - a scroll of fear {unknown}
 t - a scroll of amnesia {unknown}
 v - 3 scrolls of holy word {unknown}
 z - a scroll of silence {unknown}
 B - a scroll of enchant armour {unknown}
Potions
 c - a potion of magic
 d - 3 potions of berserk rage
 g - a potion of attraction
 h - 2 potions of lignification
 m - 3 potions of curing
 s - a potion of flight {unknown}


   Skills:
 + Level 6.4 Fighting
 + Level 5.9 Maces & Flails
 + Level 5.9 Armour
 + Level 4.4 Dodging
 + Level 4.8 Shields


You had 8 spell levels left.
You didn't know any spells.
Your spell library was empty.

Dungeon Overview and Level Annotations

Branches:
Dungeon (6/15)
 Temple: D:4-7

Altars:
Hepliaklqana


Innate Abilities, Weirdness & Mutations

You are immune to sickness and miasma.
Your stone body is resilient. (AC +6)
You are immune to poison.
You resist negative energy. (rN+)
You are resistant to electric shocks. (rElec)
You are resistant to unholy torment.
You are immune to petrification.
Your flesh is cold resistant. (rC+)


Message History

The iguana is moderately wounded.
You recover from your berserk rage.
You hit the iguana.
The iguana is severely wounded.
You block the iguana's attack.
You hit the iguana but do no damage.
The iguana looks as sick as possible!
The iguana is almost dead.
You kill the iguana!
Trog accepts your kill.
An acid dragon comes into view.
The acid dragon roars!
Found 11 gold pieces.
The acid dragon spits acid at you. The splash of acid hits you!
The acid dragon spits acid at you. You block the splash of acid.
You hit the acid dragon.
The acid dragon is moderately wounded.
The acid dragon bites you.
The acid dragon claws you but does no damage.
You closely miss the acid dragon.
The acid dragon is moderately wounded.
The acid dragon bites you but does no damage.
The acid dragon claws you.
You hit the acid dragon.
The acid dragon is heavily wounded.
The acid dragon bites you.
The acid dragon claws you but does no damage.
You completely miss the acid dragon.
The acid dragon is heavily wounded.
The acid dragon spits acid at you. The splash of acid hits you!
You hit the acid dragon.
The acid dragon is severely wounded.
You hit the acid dragon but do no damage.
The acid dragon is severely wounded.
The acid dragon spits acid at you. The splash of acid hits you!!
Ouch! That really hurt!
You die...

#............###
###..........#
#.......####
###...#.# # #...#†# .
###.##.# # #...##.# #
#
#####.#.##.##.###.###
#..D@................
#.###.#.##.##.# #.##.
#.#.##.# .# #....
#$#.##.##.# ###..
#.#.......# ##...
#.#####.#####.... #.#
##.## #..... #.#
##.#.###..... #
##.###.##.#...


You could see an acid dragon (catching breath).

Vanquished Creatures
  Pikel (D:5)
  Edmund (D:6)
  A necrophage (D:5)
  4 lemures (D:5)
  A phantom (D:6)
  Blork the orc (D:4)
  A gnoll sergeant (D:6)
  2 scorpions
  A howler monkey (D:4)
  A centaur zombie (D:5)
  A gnoll shaman (D:6)
  2 jellies
  Crazy Yiuf (D:5)
  A bullfrog skeleton (D:5)
  2 hounds
  Jessica (D:3)
  An iguana (D:5)
  An orc wizard (D:5)
  25 gnolls
  4 adders
  A worm (D:3)
  2 dart slugs
  9 orcs
  8 endoplasms
  3 giant cockroaches (D:1)
  4 goblins
  5 hobgoblins
  3 jackals (D:2)
  5 kobolds
  3 quokkas
  6 ball pythons
  A bat (D:2)
  3 frilled lizards
  7 rats
113 creatures vanquished.

Notes
Turn   | Place    | Note
-------+----------+-------------------------------------------
     0 | D:1      | theElss the Gargoyle Berserker began the quest for the Orb.
     0 | D:1      | Reached XP level 1. HP: 14/14 MP: 1/1
   364 | D:1      | Reached XP level 2. HP: 16/19 MP: 2/2
  1346 | D:2      | Reached XP level 3. HP: 12/24 MP: 3/3
  2378 | D:3      | Noticed Jessica
  2383 | D:3      | Killed Jessica
  2384 | D:3      | Reached XP level 4. HP: 29/29 MP: 4/4
  2484 | D:3      | Found a faded altar of an unknown god.
  2533 | D:3      | Reached skill level 4 in Fighting
  3206 | D:3      | Reached ** piety under Trog
  3256 | D:3      | HP: 1/29 [gnoll/+0 halberd (11)]
  3578 | D:3      | Reached XP level 5. HP: 29/33 MP: 5/5
  3760 | D:3      | Reached skill level 1 in Shields
  4056 | D:4      | Noticed Blork the orc
  4062 | D:4      | Killed Blork the orc
  4194 | D:4      | Reached XP level 6. HP: 34/39 MP: 6/6
  4370 | D:4      | Found a hazy altar of Hepliaklqana.
  5336 | D:5      | Entered Level 5 of the Dungeon
  5426 | D:4      | Reached XP level 7. HP: 37/44 MP: 7/7
  5674 | D:5      | Identified the +8 dagger of Dishonesty {venom, Fly Str+2
                  | Stlth+}
  5742 | D:5      | Reached skill level 5 in Fighting
  5839 | D:5      | Found a runed translucent door.
  5840 | D:5      | Noticed Crazy Yiuf
  5846 | D:5      | Killed Crazy Yiuf
  6493 | D:5      | Noticed Edmund
  6495 | D:5      | Noticed Pikel
  6543 | D:6      | Killed Edmund
  6544 | D:6      | Reached skill level 5 in Maces & Flails
  6544 | D:6      | Reached XP level 8. HP: 50/50 MP: 8/8
  6601 | D:6      | Reached skill level 5 in Armour
  6628 | D:6      | Gained mutation: Your flesh is cold resistant. (rC+)
                  | [potion of mutation]
  7078 | D:5      | Killed Pikel
  7079 | D:5      | Reached skill level 6 in Fighting
  7079 | D:5      | Reached XP level 9. HP: 54/56 MP: 9/9
  7125 | D:5      | Killed from afar by an acid dragon

Illustrated notes

Levels and vault maps discovered:
D:1:      giann_bridges, layout_basic
D:2:      layout_loops_corners, nrook_campfire, minmay_misc_feat_cross
D:3:      layout_basic, ebering_ecumenical_altar_sacrificial,
          serial_park_tiny_2, minmay_distorted, uniq_jessica
D:4:      layout_loops_cross, mainiacjoe_overflow_six_doors_small,
          kennysheep_generic_room_10, uniq_blork_the_orc
D:5:      layout_loops_ring, uniq_grinder, uniq_edmund, uniq_crazy_yiuf_cottage,
          uniq_pikel
D:6:      layout_loops_cross, minmay_misc_feat_hallway, grunt_decor_junction,
          kennysheep_generic_room_3

Skill      XL: |  1  2  3  4  5  6  7  8 |
---------------+-------------------------+-----
Dodging        | 2 3 4 |  4.4
Armour         | 3 4 5 |  5.9
Fighting       | 4 5 6 |  6.4
Shields        | 1 2 3 4 |  4.8
Maces & Flails | 4 5 |  5.9

Action                   |  1- 3 |  4- 6 |  7- 9 || total
-------------------------+-------+-------+-------++-------
Melee: Mace              |   114 |   142 |       ||   256
       Punch             |     2 |       |       ||     2
       Whip              |       |    19 |   200 ||   219
Invok: Berserk           |     1 |     7 |     6 ||    14
       Trog's Hand       |       |     1 |     1 ||     2
  Use: Scroll            |       |     5 |       ||     5
       Potion            |       |       |     1 ||     1
Armor: Animal skin       |    37 |       |       ||    37
       Leather armour    |     1 |    57 |    81 ||   139
Dodge: Dodged            |    70 |    96 |    95 ||   261
Block: Buckler           |       |    27 |    42 ||    69
